General information
- name: BNet
- type: Ladder team game (AT/RT)
- host: Battle.net
- saver: George.W.Bush
map: FullScaleAssault
- players: 8
- length: 54:24
- speed: Fast
- version: 1.26 W3XP
- replay type: Public
» download(236 KB)
Players
team 1 (winner)
yeehaww (
pink | 30 APM | 1618 actions | 54:23)
6 Mountain King
3 Storm Bolt
2 Bash
1 Avatar
5 Paladin
3 Holy Light
2 Divine Shield
» actions
| Assign group hotkey | 48 | |
| Basic commands | 46 | |
| Build / train | 82 | |
| Enter build submenu | 36 | |
| Enter hero's abilities submenu | 11 | |
| Give item / drop item | 2 | |
| Remove unit from queue | 2 | |
| Right click | 563 | |
| Select / deselect | 525 | |
| Select group hotkey | 223 | |
| Use ability | 80 | |
1618 total
» units
| Peasant | 25 | |
| Footman | 13 | |
| Siege Engine | 10 | |
| Goblin Zeppelin | 3 | |
51 total
» upgrades
| Lumber Harvesting | 2 | |
| Plating | 3 | |
| Gunpowder | 3 | |
| Barrage | 1 | |
| Swords | 1 | |
| Masonry | 2 | |
12 total
» buildings
| Farm | 13 | |
| Altar of Kings | 1 | |
| Barracks | 1 | |
| Arcane Vault | 1 | |
| Keep | 1 | |
| Town Hall | 1 | |
| Blacksmith | 1 | |
| Workshop | 3 | |
| Lumber Mill | 1 | |
| Castle | 1 | |
| Scout Tower | 11 | |
| Guard Tower | 2 | |
37 total
» build order
00:10 Farm
00:15 Altar of Kings
00:43 Farm
01:18 Barracks
01:25 Arcane Vault
01:46 Farm
02:32 Farm
03:05 Keep
04:04 Town Hall
04:23 Blacksmith
05:36 Farm
05:46 Workshop
05:58 Lumber Mill
06:44 Castle
06:59 Farm
07:38 Workshop
08:07 Farm
08:25 Workshop
08:41 Farm
10:12 Scout Tower
10:14 Scout Tower
10:31 Scout Tower
10:33 Guard Tower
10:44 Scout Tower
10:47 Guard Tower
12:56 Farm
12:57 Farm
12:57 Farm
16:12 Farm
16:12 Farm
20:31 Scout Tower
20:33 Scout Tower
20:34 Scout Tower
20:39 Scout Tower
20:41 Scout Tower
20:44 Scout Tower
20:46 Scout Tower
21:18 Guard Tower
George.W.Bush (
teal | 49 APM | 2670 actions | 54:24)
9 Mountain King
3 Storm Bolt
3 Bash
2 Avatar
1 Thunder Clap
2 Archmage
1 Summon Water Elemental
1 Brilliance Aura
» actions
| Assign group hotkey | 172 | |
| Basic commands | 280 | |
| Build / train | 147 | |
| Enter build submenu | 53 | |
| Enter hero's abilities submenu | 11 | |
| Give item / drop item | 9 | |
| Remove unit from queue | 6 | |
| Right click | 957 | |
| Select / deselect | 513 | |
| Select group hotkey | 310 | |
| Use ability | 211 | |
2670 total
» units
| Peasant | 5 | |
| Footman | 9 | |
| Goblin Shredder | 4 | |
| Gryphon Rider | 22 | |
| Blue Dragon | 3 | |
| Goblin Zeppelin | 1 | |
44 total
» upgrades
| Masonry | 3 | |
| Animal War Training | 1 | |
| Swords | 3 | |
| Storm Hammers | 1 | |
| Backpack | 1 | |
| Armor | 3 | |
12 total
» buildings
| Altar of Kings | 1 | |
| Barracks | 1 | |
| Farm | 19 | |
| Scout Tower | 35 | |
| Arcane Tower | 1 | |
| Keep | 2 | |
| Arcane Vault | 2 | |
| Lumber Mill | 1 | |
| Gryphon Aviary | 4 | |
| Castle | 2 | |
| Town Hall | 3 | |
| Blacksmith | 1 | |
| Guard Tower | 54 | |
126 total
» build order
00:05 Altar of Kings
00:12 Barracks
00:17 Farm
01:31 Farm
02:10 Farm
02:32 Scout Tower
03:11 Arcane Tower
03:28 Keep
04:07 Farm
05:09 Arcane Vault
05:19 Farm
05:25 Lumber Mill
05:32 Farm
06:21 Gryphon Aviary
06:35 Farm
07:44 Castle
07:49 Gryphon Aviary
08:33 Town Hall
09:19 Farm
09:30 Blacksmith
09:52 Scout Tower
11:21 Guard Tower
11:23 Scout Tower
11:24 Scout Tower
11:25 Scout Tower
11:51 Guard Tower
12:39 Guard Tower
12:42 Guard Tower
13:00 Scout Tower
13:01 Scout Tower
13:19 Farm
13:36 Guard Tower
14:24 Farm
15:42 Farm
16:20 Guard Tower
17:03 Scout Tower
17:04 Scout Tower
17:30 Guard Tower
17:31 Guard Tower
17:50 Farm
18:07 Farm
18:08 Farm
18:29 Guard Tower
18:33 Scout Tower
22:31 Guard Tower
24:50 Scout Tower
24:51 Scout Tower
24:52 Scout Tower
25:36 Guard Tower
27:06 Guard Tower
27:06 Guard Tower
29:23 Town Hall
33:11 Scout Tower
33:23 Scout Tower
33:24 Scout Tower
33:26 Scout Tower
33:28 Scout Tower
33:30 Scout Tower
33:31 Scout Tower
33:32 Scout Tower
33:33 Scout Tower
34:20 Guard Tower
34:20 Guard Tower
34:20 Guard Tower
35:45 Guard Tower
35:45 Guard Tower
35:45 Guard Tower
35:45 Guard Tower
36:51 Guard Tower
36:51 Guard Tower
36:51 Guard Tower
37:19 Town Hall
37:23 Guard Tower
39:31 Scout Tower
39:32 Scout Tower
39:33 Scout Tower
39:34 Scout Tower
39:35 Scout Tower
39:36 Scout Tower
39:37 Scout Tower
39:39 Scout Tower
40:44 Guard Tower
40:44 Guard Tower
40:45 Guard Tower
41:04 Guard Tower
41:04 Guard Tower
41:04 Guard Tower
41:50 Guard Tower
41:50 Guard Tower
41:51 Guard Tower
43:08 Keep
43:11 Arcane Vault
43:15 Scout Tower
43:16 Scout Tower
44:24 Guard Tower
44:24 Guard Tower
45:01 Scout Tower
45:02 Scout Tower
45:04 Scout Tower
46:07 Guard Tower
46:07 Guard Tower
46:08 Guard Tower
46:12 Castle
49:04 Guard Tower
49:11 Gryphon Aviary
49:15 Gryphon Aviary
50:00 Farm
50:02 Farm
50:06 Farm
50:28 Farm
50:49 Farm
» items
| Scroll of Regeneration | 2 | |
| Staff of Teleportation | 1 | |
| Boots of Speed | 1 | |
| Orb of Fire | 1 | |
| Scroll of Town Portal | 1 | |
| Potion of Healing | 7 | |
13 total

»
angel_corps (
yellow | 33 APM | 988 actions | 29:59)
7 Dreadlord
3 Vampiric Aura
3 Sleep
1 Inferno
» actions
| Basic commands | 7 | |
| Build / train | 79 | |
| Enter build submenu | 20 | |
| Enter hero's abilities submenu | 7 | |
| Give item / drop item | 3 | |
| Remove unit from queue | 3 | |
| Right click | 450 | |
| Select / deselect | 364 | |
| Use ability | 55 | |
988 total
» units
| Acolyte | 7 | |
| Ghoul | 24 | |
| Necromancer | 18 | |
| Goblin Zeppelin | 1 | |
50 total
» upgrades
| Unholy Strength | 3 | |
| Unholy Armor | 3 | |
| Necromancer Training | 2 | |
| Skeletal Longevity | 1 | |
| Skeletal Mastery | 1 | |
| Ghoul Frenzy | 1 | |
| Creature Attack | 1 | |
12 total
» buildings
| Ziggurat | 9 | |
| Crypt | 2 | |
| Altar of Darkness | 1 | |
| Graveyard | 1 | |
| Spirit Tower | 4 | |
| Halls of the Dead | 1 | |
| Temple of the Damned | 2 | |
| Black Citadel | 1 | |
| Necropolis | 1 | |
22 total
» build order
00:12 Ziggurat
00:15 Crypt
00:47 Altar of Darkness
01:00 Ziggurat
01:35 Graveyard
01:49 Ziggurat
03:04 Spirit Tower
04:24 Halls of the Dead
06:47 Temple of the Damned
06:51 Temple of the Damned
07:56 Black Citadel
09:11 Ziggurat
09:13 Ziggurat
09:17 Ziggurat
09:34 Black Citadel
10:48 Spirit Tower
10:53 Ziggurat
12:14 Ziggurat
12:18 Ziggurat
14:33 Spirit Tower
18:11 Crypt
24:59 Spirit Tower
25:06 Necropolis
Teokemo (
blue | 33 APM | 986 actions | 30:06)
5 Mountain King
2 Storm Bolt
1 Thunder Clap
2 Bash
» actions
| Assign group hotkey | 16 | |
| Basic commands | 2 | |
| Build / train | 54 | |
| Enter build submenu | 26 | |
| Enter hero's abilities submenu | 5 | |
| Right click | 375 | |
| Select / deselect | 261 | |
| Select group hotkey | 181 | |
| Use ability | 66 | |
986 total
» units
| Peasant | 12 | |
| Footman | 5 | |
| Goblin Zeppelin | 2 | |
| Gryphon Rider | 9 | |
28 total
» upgrades
| Swords | 3 | |
| Armor | 4 | |
| Storm Hammers | 1 | |
| Animal War Training | 1 | |
| Plating | 1 | |
| Gunpowder | 1 | |
11 total
» buildings
| Altar of Kings | 2 | |
| Farm | 14 | |
| Barracks | 1 | |
| Lumber Mill | 1 | |
| Keep | 1 | |
| Scout Tower | 6 | |
| Arcane Vault | 2 | |
| Guard Tower | 6 | |
| Blacksmith | 1 | |
| Castle | 1 | |
| Gryphon Aviary | 3 | |
| Town Hall | 2 | |
40 total
» build order
00:06 Altar of Kings
00:08 Farm
00:48 Barracks
00:58 Farm
01:37 Farm
02:09 Lumber Mill
02:56 Keep
03:24 Scout Tower
03:25 Scout Tower
03:28 Scout Tower
03:29 Scout Tower
03:48 Arcane Vault
03:57 Arcane Vault
04:04 Guard Tower
04:25 Guard Tower
04:48 Blacksmith
04:50 Guard Tower
05:07 Scout Tower
05:08 Scout Tower
05:18 Castle
05:41 Farm
05:41 Farm
05:43 Farm
05:45 Guard Tower
06:01 Gryphon Aviary
06:32 Gryphon Aviary
07:18 Gryphon Aviary
07:51 Guard Tower
08:48 Town Hall
09:18 Farm
09:19 Farm
10:47 Farm
10:49 Farm
12:06 Farm
12:07 Farm
15:23 Guard Tower
17:37 Farm
21:29 Farm
24:14 Altar of Kings
26:30 Town Hall
» items
team 2 (loser)

»
geteveryicon (
red | 35 APM | 666 actions | 19:13)
4 Blademaster
2 Wind Walk
2 Critical Strike
» actions
| Basic commands | 20 | |
| Build / train | 45 | |
| Enter build submenu | 15 | |
| Enter hero's abilities submenu | 4 | |
| Give item / drop item | 4 | |
| Remove unit from queue | 1 | |
| Right click | 352 | |
| Select / deselect | 180 | |
| Use ability | 45 | |
666 total
» units
» upgrades
| Shaman Training | 2 | |
| Armor | 3 | |
| Envenomed Spears | 1 | |
| Reinforced Defenses | 1 | |
| Ranged Weapons | 2 | |
9 total
» buildings
| Altar of Storms | 1 | |
| Orc Burrow | 7 | |
| Voodoo Lounge | 1 | |
| War Mill | 1 | |
| Stronghold | 1 | |
| Fortress | 1 | |
| Spirit Lodge | 1 | |
| Beastiary | 2 | |
| Great Hall | 1 | |
16 total
» build order
00:08 Altar of Storms
00:14 Orc Burrow
00:38 Voodoo Lounge
01:16 War Mill
02:55 Stronghold
02:59 Orc Burrow
03:34 Orc Burrow
03:55 Orc Burrow
04:50 Orc Burrow
05:23 Fortress
05:26 Spirit Lodge
05:32 Beastiary
05:57 Beastiary
06:04 Orc Burrow
07:39 Orc Burrow
14:40 Great Hall
» items
| Healing Salve | 3 | |
| Lesser Clarity Potion | 1 | |
| Boots of Speed | 1 | |
| Circlet of Nobility | 1 | |
| Staff of Teleportation | 1 | |
| Orb of Lightning | 1 | |
8 total
da.g0nz (
purple | 80 APM | 1563 actions | 19:29)
3 Priestess of the Moon
2 Trueshot Aura
1 Searing Arrows
» actions
| Assign group hotkey | 36 | |
| Basic commands | 1 | |
| Build / train | 51 | |
| Enter build submenu | 14 | |
| Enter hero's abilities submenu | 3 | |
| Remove unit from queue | 3 | |
| Right click | 600 | |
| Select / deselect | 256 | |
| Select group hotkey | 571 | |
| Use ability | 28 | |
1563 total
» units
» upgrades
| Strength of the Moon | 2 | |
| Moon Armor | 1 | |
| Improved Bows | 1 | |
| Strength of the Wild | 2 | |
| Marksmanship | 1 | |
| Reinforced Hides | 1 | |
| Abolish Magic | 1 | |
9 total
» buildings
| Altar of Elders | 1 | |
| Moon Well | 6 | |
| Ancient of War | 2 | |
| Hunter's Hall | 1 | |
| Tree of Ages | 1 | |
| Tree of Eternity | 1 | |
| Ancient of Lore | 2 | |
| Tree of Life | 1 | |
15 total
» build order
00:11 Altar of Elders
00:17 Moon Well
00:30 Ancient of War
01:23 Ancient of War
01:58 Moon Well
03:02 Hunter's Hall
04:05 Moon Well
09:43 Tree of Ages
09:53 Moon Well
13:01 Tree of Eternity
14:31 Ancient of Lore
14:34 Ancient of Lore
16:10 Moon Well
16:41 Moon Well
18:52 Tree of Life
MARK-JAKE (
orange | 54 APM | 2956 actions | 54:24)
10 Blademaster
3 Wind Walk
3 Critical Strike
1 Bladestorm
3 Mirror Image
» actions
| Assign group hotkey | 80 | |
| Basic commands | 1 | |
| Build / train | 98 | |
| Enter build submenu | 46 | |
| Enter hero's abilities submenu | 10 | |
| Give item / drop item | 5 | |
| Right click | 1337 | |
| Select / deselect | 350 | |
| Select group hotkey | 817 | |
| Use ability | 212 | |
2956 total
» units
| Peon | 16 | |
| Grunt | 4 | |
| Goblin Shredder | 2 | |
| Goblin Zeppelin | 3 | |
| Wind Rider | 6 | |
| Raider | 16 | |
| Troll Batrider | 7 | |
| Wisp | 9 | |
| Glaive Thrower | 2 | |
65 total
» upgrades
| Ranged Weapons | 2 | |
| Reinforced Defenses | 1 | |
| Envenomed Spears | 1 | |
| Liquid Fire | 1 | |
| Armor | 2 | |
| Ensnare | 1 | |
8 total
» buildings
| Altar of Storms | 4 | |
| Orc Burrow | 12 | |
| Barracks | 1 | |
| Voodoo Lounge | 2 | |
| Stronghold | 2 | |
| War Mill | 2 | |
| Fortress | 2 | |
| Beastiary | 8 | |
| Watch Tower | 47 | |
| Tree of Life | 1 | |
| Great Hall | 1 | |
| Moon Well | 5 | |
| Altar of Elders | 1 | |
| Ancient of War | 5 | |
| Hunter's Hall | 1 | |
94 total
» build order
00:15 Altar of Storms
00:23 Orc Burrow
00:36 Barracks
01:33 Orc Burrow
02:07 Voodoo Lounge
02:56 Stronghold
03:50 Orc Burrow
04:50 War Mill
05:18 Fortress
05:41 Beastiary
05:44 Beastiary
08:25 Orc Burrow
10:01 Watch Tower
10:01 Watch Tower
10:03 Watch Tower
11:17 Watch Tower
11:18 Watch Tower
11:19 Watch Tower
11:19 Watch Tower
11:20 Watch Tower
11:21 Watch Tower
11:22 Watch Tower
11:56 Watch Tower
11:56 Watch Tower
11:56 Watch Tower
11:57 Watch Tower
11:59 Watch Tower
12:00 Watch Tower
12:25 Watch Tower
12:26 Watch Tower
12:27 Watch Tower
12:27 Watch Tower
13:09 Stronghold
14:49 Watch Tower
14:49 Watch Tower
14:50 Watch Tower
15:19 Orc Burrow
15:19 Orc Burrow
16:34 Fortress
16:37 Watch Tower
16:38 Watch Tower
17:26 Watch Tower
17:27 Watch Tower
18:04 Watch Tower
18:05 Watch Tower
18:25 Voodoo Lounge
18:43 Watch Tower
18:44 Watch Tower
18:44 Watch Tower
19:45 Watch Tower
19:46 Watch Tower
19:50 Beastiary
21:01 Watch Tower
21:02 Watch Tower
21:02 Watch Tower
21:02 Watch Tower
23:19 Orc Burrow
23:20 Orc Burrow
23:43 War Mill
25:48 Watch Tower
25:48 Watch Tower
25:49 Watch Tower
26:31 Tree of Life
27:34 Orc Burrow
27:34 Orc Burrow
29:14 Watch Tower
29:14 Watch Tower
31:02 Altar of Storms
31:09 Orc Burrow
31:36 Altar of Storms
31:50 Altar of Storms
32:33 Beastiary
32:56 Orc Burrow
33:51 Watch Tower
33:51 Watch Tower
34:17 Watch Tower
39:02 Beastiary
40:41 Great Hall
41:29 Moon Well
41:30 Moon Well
41:30 Moon Well
41:31 Moon Well
41:31 Moon Well
42:11 Beastiary
42:12 Beastiary
42:13 Beastiary
42:33 Altar of Elders
46:02 Ancient of War
46:03 Ancient of War
46:04 Ancient of War
47:33 Hunter's Hall
47:38 Ancient of War
47:39 Ancient of War
» items
| Healing Salve | 3 | |
| Staff of Teleportation | 3 | |
| Tiny Great Hall | 1 | |
| Orb of Lightning | 1 | |
| Potion of Lesser Invulnerability | 2 | |
10 total
persianlion (
green | 15 APM | 339 actions | 23:19)
2 Far Seer
2 Feral Spirit
1 Dark Ranger
1 Life Drain
» actions
| Assign group hotkey | 10 | |
| Build / train | 71 | |
| Enter build submenu | 15 | |
| Enter hero's abilities submenu | 3 | |
| Remove unit from queue | 2 | |
| Right click | 78 | |
| Select / deselect | 126 | |
| Select group hotkey | 5 | |
| Use ability | 29 | |
339 total
» units
| Peon | 6 | |
| Grunt | 6 | |
| Troll Headhunter/Berserker | 15 | |
| Goblin Sapper | 2 | |
| Troll Batrider | 30 | |
| Giant Sea Turtle | 1 | |
| Blue Dragon | 1 | |
61 total
» buildings
| Altar of Storms | 1 | |
| Orc Burrow | 6 | |
| Barracks | 2 | |
| Voodoo Lounge | 1 | |
| Stronghold | 1 | |
| War Mill | 1 | |
| Fortress | 1 | |
| Beastiary | 1 | |
| Watch Tower | 2 | |
16 total
» build order
00:14 Altar of Storms
00:21 Orc Burrow
00:36 Barracks
01:52 Orc Burrow
02:16 Voodoo Lounge
04:20 Stronghold
04:26 War Mill
05:18 Barracks
06:29 Orc Burrow
06:44 Orc Burrow
08:07 Fortress
10:40 Beastiary
10:46 Orc Burrow
10:59 Orc Burrow
20:05 Watch Tower
20:09 Watch Tower
Chat log
(00:08 / All) MARK-JAKE: I LIKE MEN
(00:21 / All) George.W.Bush: me too
(00:33 / All) Teokemo: I like men
(01:48 / All) MARK-JAKE: choke points are just that, choke pints
(01:52 / All) MARK-JAKE: not the middle of map
(01:57 / All) George.W.Bush: I know
(02:00 / All) George.W.Bush: there's chokes in the middle
(02:12 / All) MARK-JAKE: no theres not lawl
(02:18 / All) George.W.Bush: at the ramps
(02:20 / All) George.W.Bush: it's a choke
(02:32 / All) MARK-JAKE: the ramps are not the middle moron
(02:36 / All) MARK-JAKE: the middle is the middle
(02:40 / All) George.W.Bush: yeah the dragon nest is
(02:44 / All) George.W.Bush: it's right by the middle
(02:47 / All) MARK-JAKE: thats not a ramp
(02:50 / All) George.W.Bush: do you expect to tower the dragons?
(02:57 / All) George.W.Bush: yes it is
(02:59 / All) George.W.Bush: near the mines
(03:04 / All) George.W.Bush: into the water
(03:08 / All) George.W.Bush: a CHOKE, by the ramp
(03:30 / All) MARK-JAKE: what ramp u talking about nigga
(03:36 / All) George.W.Bush: jesus, are you blind?
(04:12 / All) MARK-JAKE: so theres a ramp by the dragon nest? where?
(04:18 / All) George.W.Bush: top and bottom
(04:23 / All) George.W.Bush: into the water
(04:37 / All) MARK-JAKE: u cant build on water moron
(04:41 / All) MARK-JAKE: basic enginerring
(04:46 / All) George.W.Bush: you can build on the ramp
(04:51 / All) George.W.Bush: near it
(04:52 / All) George.W.Bush: I mean
(05:02 / All) MARK-JAKE: what ramp god dammit
(05:14 / All) George.W.Bush: stfu and get some eyes
(05:58 / All) MARK-JAKE: GET KINGDOMS OF AMALUR RECKONGING PLZ BEST RPG EVER
(11:46 / Allies) George.W.Bush: gold please
(12:00 / Allies) George.W.Bush: thanks
(13:35 / All) geteveryicon: gg
(13:38 / All) George.W.Bush: gg
(13:39 / All) George.W.Bush: noobs
(13:48 / Allies) Teokemo: gj
(14:00 / All) geteveryicon: gg
(14:13 / Allies) Teokemo: they will hit very soon
(14:30 / Allies) George.W.Bush: probably
(15:04 / Allies) Teokemo: that will be our do or die moment
(15:10 / Allies) George.W.Bush: yeah
(15:20 / Allies) Teokemo: hopefully they attack me
(15:45 / Allies) Teokemo: rally
(15:50 / Allies) George.W.Bush: they're going to hit
(17:16 / Allies) Teokemo: inc
(18:19 / Allies) Teokemo: gonna hit and run
(19:01 / All) George.W.Bush: RAPE
(19:12 / All) geteveryicon: gg, these guys refused to meet
(19:15 / All) George.W.Bush: GG
(19:18 / All) George.W.Bush: niglets
(19:33 / Allies) Teokemo: nice
(19:35 / Allies) Teokemo: gj all
(20:19 / Allies) Teokemo: no expos,,,,,
(21:21 / All) angel_corps: seriously all that time and no creeping
(22:41 / Allies) Teokemo: what the
(22:45 / Allies) Teokemo: lol teal
(23:50 / Allies) yeehaww: money was good investment
(23:53 / Allies) yeehaww: nice gryphs
(23:55 / Allies) George.W.Bush: ty
(26:10 / All) angel_corps: wtf teal?
(26:21 / All) George.W.Bush: nothing personal
(26:30 / All) angel_corps: fuck you
(26:38 / All) George.W.Bush: would you like to, baby?
(26:51 / All) angel_corps: id fucking kill you so shut up
(26:58 / All) George.W.Bush: LOL
(26:59 / All) George.W.Bush: SURE BRO
(27:02 / All) George.W.Bush: GET RAPED SONNY
(27:21 / All) angel_corps: what are you 10?
(27:24 / All) George.W.Bush: LOL
(27:28 / All) George.W.Bush: GO CASTRATE YOURSELF
(27:29 / All) George.W.Bush: BITCH
(27:35 / All) George.W.Bush: READY
(27:36 / All) George.W.Bush: TO GET
(27:37 / All) George.W.Bush: ANALLY
(27:39 / All) George.W.Bush: BUTTFUCKED?
(27:47 / All) George.W.Bush: MR. I CAN KILL YOU
(28:01 / All) angel_corps: teal what do you do for a living and how old are you?
(28:02 / All) George.W.Bush: OWNED
(28:10 / All) George.W.Bush: I'm in university, 21
(28:19 / All) George.W.Bush: so
(28:21 / All) George.W.Bush: what happened to
(28:26 / All) George.W.Bush: you owning me????
(28:30 / All) George.W.Bush: your army just got rolled
(28:47 / All) George.W.Bush: raped?
(28:50 / All) George.W.Bush: your necros suck
(28:51 / All) George.W.Bush: sorry
(28:57 / All) George.W.Bush: they could have owned you with unsummon spells
(29:17 / All) angel_corps: if they did but they didn't could have and would haves don't matter
(29:23 / All) George.W.Bush: yeah
(29:26 / All) George.W.Bush: I would have killed you
(29:28 / All) George.W.Bush: either way
(30:08 / All) MARK-JAKE: u noobs can leave
(30:09 / All) George.W.Bush: raped
(30:19 / All) George.W.Bush: only YEEEHAAAW still lives
(30:23 / All) George.W.Bush: redneck faggot
(32:10 / All) MARK-JAKE: leave retard
(32:35 / All) George.W.Bush: blue dragon
(32:39 / All) George.W.Bush: I love these things
(32:48 / All) George.W.Bush: chaos damage is rape
(32:57 / All) George.W.Bush: I think pink really wants the win
(34:35 / All) George.W.Bush: pink is killign blues shit
(34:36 / All) George.W.Bush: lol'
(34:40 / All) George.W.Bush: he doesn't know he can control it
(34:48 / All) George.W.Bush: kill it for free xp
(34:49 / All) George.W.Bush: Oj
(35:03 / All) MARK-JAKE: falready level 10
(35:03 / All) George.W.Bush: kill it god damn
(35:12 / All) George.W.Bush: it's shit pink can use fi you don't
(35:35 / All) MARK-JAKE: i cant kill with mks there
(36:03 / All) George.W.Bush: I can get blue's killed
(37:32 / Allies) yeehaww: daddy cant help you now
(37:41 / All) George.W.Bush: "daddy cant help you now" - pink
(37:42 / All) George.W.Bush: raped
(37:58 / All) George.W.Bush: RAPE
(38:01 / All) yeehaww: talking about the peons
(38:06 / All) yeehaww: they were buggin
(38:11 / All) George.W.Bush: I was talking about your mum
(38:30 / All) MARK-JAKE: im sorry pink, but you nee dto apologize
(38:31 / All) yeehaww: haha next line: umad
(38:36 / All) George.W.Bush: apologise
(38:39 / All) George.W.Bush: pink
(38:42 / All) George.W.Bush: for being so bad at this game
(38:44 / All) George.W.Bush: adn at life
(41:34 / All) George.W.Bush: lols
(41:38 / All) George.W.Bush: he's trying to make footmen
(41:39 / All) George.W.Bush: he is mad
(41:45 / All) George.W.Bush: too bad not one will be made
(42:27 / All) George.W.Bush: pink you lost
(42:29 / All) George.W.Bush: just leave noob
(42:59 / All) George.W.Bush: 2 blue dragons
(43:00 / All) George.W.Bush: pwn
(43:46 / All) George.W.Bush: pink is dead
(44:11 / All) George.W.Bush: he got raped
(44:14 / All) George.W.Bush: but doesn't want to admit it
(44:20 / All) George.W.Bush: he doesn't want his family name disgraced
(45:10 / All) MARK-JAKE: pink u suck wow, i owned u guys 1v4
(45:37 / All) George.W.Bush: he blows ancient egyptian mummy dicks
(49:23 / All) MARK-JAKE: thats me
(49:26 / All) George.W.Bush: I know
(49:27 / All) MARK-JAKE: thats me
(52:21 / All) George.W.Bush: pink lost
(52:22 / All) George.W.Bush: he is bad
(52:26 / All) George.W.Bush: my team lost 1v3
(53:10 / All) MARK-JAKE: r/ finish this
(53:19 / All) George.W.Bush: my expo is almost dead, just a gryph aviary and vault
(53:23 / All) George.W.Bush: gryph aviary is dead
(53:25 / All) George.W.Bush: vault is dead
(53:26 / All) George.W.Bush: gg